 Dungeon Crawl Stone Soup version 0.20-a0-673-g53087c7 (webtiles) character file.

175 M4edhros the Sneak (level 5, -6/33 HPs)
             Began as an Octopode Artificer on Feb 17, 2017.
             Killed by divine providence
             ... invoked by an orc priest
              (10 damage)
             ... on level 4 of the Dungeon.
             The game lasted 00:01:00 (1243 turns).

M4edhros the Sneak (Octopode Artificer)             Turns: 1243, Time: 00:01:02

Health: -6/33      AC:  1    Str: 12    XL:     5   Next: 55%
Magic:  7/7        EV: 13    Int: 13    God:
Gold:   68         SH:  0    Dex: 13    Spells: 4/4 levels left

rFire    . . .     SeeInvis .   a - +0 short sword
rCold    . . .     Gourm    .   (no shield)
rNeg     . . .     Faith    .   (helmet restricted)
rPois    .         Spirit   .   (no amulet)
rElec    .         Reflect  .   (no ring)
rCorr    .         Harm     .   (no ring)
MR       .....                  (no ring)
Stlth    +++++.....             (no ring)
Regen    0.2/turn               (no ring)
MPRegen  0.1/turn               (no ring)
                                (no ring)
                                (no ring)

@: no status effects
A: almost no armour, stealthy swim, amphibious, 8 rings, constrict 8, camouflage
1, gelatinous body 1
a: no special abilities


You were on level 4 of the Dungeon.
You were hungry.

You visited 1 branch of the dungeon, and saw 4 of its levels.

You collected 68 gold pieces.

Inventory:

Hand Weapons
 a - a +0 short sword (weapon)
Missiles
 k - 43 stones (quivered)
Wands
 b - a wand of flame (15/48)
 c - a wand of enslavement (15/24)
 d - a wand of random effects (11/48)
Scrolls
 g - a scroll of blinking {unknown}
 h - a scroll of magic mapping {unknown}
 i - a scroll of amnesia {unknown}
 m - a scroll of random uselessness {unknown}
 n - a scroll of teleportation {unknown}
 o - a scroll of remove curse {unknown}
Potions
 e - 2 potions of flight {unknown}
 l - a potion of invisibility {unknown}
Books
 p - a book of Changes

   Spells                             Type                      Level
   a - Beastly Appendage              Transmutation                1
   b - Sticks to Snakes               Transmutation                2
   c - Spider Form                    Transmutation/Poison         3
   d - Ice Form                       Ice/Transmutation            4
   e - Blade Hands                    Transmutation                5
Comestibles
 f - a bread ration
 j - 2 royal jellies


   Skills:
 - Level 1.0 Fighting
 - Level 1.0 Short Blades
 - Level 2.0 Dodging
 + Level 7.6 Stealth
 - Level 3.2 Evocations


You had 4 spell levels left.
You didn't know any spells.

Dungeon Overview and Level Annotations

Branches:
Dungeon (4/15)
 Temple: D:4-7

Altars:


Innate Abilities, Weirdness & Mutations

You cannot wear most types of armour.
You are very stealthy in the water. (Stealth+)
You are amphibious.
You can wear up to eight rings at the same time.
You can use your tentacles to constrict eight enemies at once.
Your skin changes colour to match your surroundings (Stealth+).
Your rubbery body absorbs attacks. (AC +1, EV +1)


Message History

Aiming: Random Effects
Press: ? - help, Shift-Dir - straight line, f/p - orc wizard
Aim: an orc wizard, wielding a dagger and wearing a robe The mass of ice explodes!
The iceblast engulfs the orc wizard.
You kill the orc wizard!
The iceblast engulfs something.
This wand has 12 charges left.
A magic dart appears from out of thin air!
The magic dart hits you!
Unknown command.
Evoke which item? (* to show all) (? for menu, Esc to quit)
Aiming: Random Effects
Press: ? - help, Shift-Dir - straight line, f - orc
Aim: an orc, wielding a dagger and wearing a chain mail Nothing appears to happen.
This wand has 11 charges left.
A magic dart appears from out of thin air!
The magic dart hits you!
* * * LOW HITPOINT WARNING * * *
The orc priest mumbles some strange prayers to Beogh against you.
Beogh smites you!
You die...

.####.# .# .. #.#
.# #o# .# #o#
.##### #{# .....#
#)# .....# #.#
.....# #)#
.....###########@#
.................#
.#################
.# .# .# ##


You could see an orc priest and an orc.

Vanquished Creatures
  A bullfrog (D:4)
  A hound (D:4)
  An orc wizard (D:4)
  2 adders
  2 worms
  2 dart slugs
  A leopard gecko (D:1)
  An orc (D:4)
  2 giant cockroaches
  4 goblins (D:1)
  2 hobgoblins
  4 bats (D:1)
  A kobold (D:1)
  A rat (D:1)
25 creatures vanquished.

Notes
Turn   | Place    | Note
-------+----------+-------------------------------------------
     0 | D:1      | M4edhros the Octopode Artificer began the quest for the Orb.
     0 | D:1      | Reached XP level 1. HP: 13/13 MP: 3/3
    30 | D:1      | Reached skill level 2 in Stealth
    62 | D:1      | Reached XP level 2. HP: 9/18 MP: 4/4
    84 | D:1      | Reached skill level 3 in Stealth
   525 | D:2      | Reached skill level 4 in Stealth
   525 | D:2      | Reached XP level 3. HP: 18/23 MP: 5/5
   995 | D:4      | Noticed a bullfrog
   998 | D:4      | Killed a bullfrog
   998 | D:4      | Reached skill level 6 in Stealth
   998 | D:4      | Reached XP level 4. HP: 28/28 MP: 6/6
  1024 | D:4      | Reached skill level 7 in Stealth
  1024 | D:4      | Reached XP level 5. HP: 24/33 MP: 7/7
  1243 | D:4      | Killed from afar by an orc priest

Vault maps used:
D:1:      dpeg_arrival_court, minmay_misc_feat_pillars
D:2:      makhleb_blood_cavern_becter
D:3:      okawaru_ov_weapons_minmay, first_bread, hex_large
D:4:      serial_corexii_hall, corexii_hall_statues_i, corexii_hall_statues_u

Skill      XL: |  1  2  3  4 |
---------------+-------------+-----
Stealth        | 2 4 6 7 |  7.6
Fighting       | |  1.0
Short Blades   | |  1.0
Dodging        | |  2.0
Evocations     | |  3.2

Action                   |  1- 3 |  4- 6 || total
-------------------------+-------+-------++-------
Melee: Short sword       |    42 |     8 ||    50
       Constrict         |    15 |     3 ||    18
       Tentacles         |     8 |     3 ||    11
Evoke: Wand              |     1 |     3 ||     4
 Stab: Sleeping          |     5 |     1 ||     6
Armor: Skin              |     3 |       ||     3
Dodge: Dodged            |    24 |     3 ||    27
